 Dungeon Crawl Stone Soup version 0.28-a0-479-g5baa6b73be (webtiles) character file.

Game seed: 9978341256182307556

145 timneilson the Covered (level 5, -2/33 HPs)
             Began as a Gargoyle Fighter on Sept 18, 2021.
             Slain by Prince Ribbit (3 damage)
             ... on level 5 of the Dungeon.
             The game lasted 00:03:57 (2232 turns).

timneilson the Covered (Gargoyle Fighter)           Turns: 2232, Time: 00:03:57

Health: -2/33      AC: 11    Str: 21    XL:     5   Next: 27%
Magic:  5/5        EV: 10    Int:  8    God:
Gold:   66         SH:  4    Dex:  9    Spells: 4/4 levels left

rFire   . . .      SeeInvis .   a - +0 long sword
rCold   . . .      Faith    .   c - +0 buckler
rNeg    + . .      Spirit   .   b - +0 scale mail
rPois   ∞          Reflect  .   (no helmet)
rElec   +          Harm     .   e - scarf {repulsion}
rCorr   .          Rampage  .   (no gloves)
Will    .....                   (no boots)
Stlth   ..........              m - amulet of the acrobat
HPRegen 0.11/turn               (no ring)
MPRegen 0.09/turn               (no ring)

@: mighty, hasted, repel missiles, very quick
A: sickness immunity, AC +4, negative energy resistance 1, electricity
resistance, torment resistance 1, petrification resistance
a: no special abilities


You were on level 5 of the Dungeon.
You visited 1 branch of the dungeon, and saw 5 of its levels.

You collected 66 gold pieces.

Inventory:

Hand Weapons
 a - a +0 long sword (weapon)
Armour
 b - a +0 scale mail (worn)
 c - a +0 buckler (worn)
 e - a scarf of repulsion (worn)
Jewellery
 m - an amulet of the acrobat (around neck)
 n - a ring of ice
Wands
 p - a wand of polymorph (4)
Potions
 f - a potion of brilliance
 g - a potion of invisibility
 h - a potion of flight
 i - 2 potions of curing
 l - a potion of haste


   Skills:
 + Level 3.7 Fighting
 * Level 2.7 Long Blades
 * Level 4.4 Armour
 + Level 1.1 Dodging
 * Level 4.2 Shields


You had 4 spell levels left.
You didn't know any spells.
Your spell library was empty.

Dungeon Overview and Level Annotations

Branches:
Dungeon (6/15)             Temple (0/1) D:6

Altars:

Shops:
D:1 (

Annotations:
D:5 Prince Ribbit


Innate Abilities, Weirdness & Mutations

You are immune to sickness and miasma.
Your stone body is resilient. (AC +4)
You are immune to poison.
You resist negative energy. (rN+)
You are resistant to electric shocks. (rElec)
You are resistant to unholy torment.
You are immune to petrification.


Message History

The hound skeleton is heavily damaged.
The hound skeleton bites you.
The hound skeleton bites you but does no damage.
You hit the hound skeleton.
The hound skeleton is heavily damaged.
The hound skeleton closely misses you.
You hit the hound skeleton.
The hound skeleton is severely damaged.
The hound skeleton bites you but does no damage.
The hound skeleton barely misses you.
You slash the hound skeleton!
You destroy the hound skeleton!
Found 11 gold pieces.
Prince Ribbit comes into view.
Prince Ribbit croaks.
Prince Ribbit blinks!
Prince Ribbit moves out of view.
You now have 66 gold pieces (gained 11).
Prince Ribbit completely misses you.
You miss Prince Ribbit. Prince Ribbit hits you.
You hit Prince Ribbit but do no damage. Prince Ribbit hits you!
Prince Ribbit hits you. Prince Ribbit completely misses you.
You feel yourself speed up.
Prince Ribbit hits you but does no damage.
You feel very mighty all of a sudden. Prince Ribbit hits you!
* * * LOW HITPOINT WARNING * * *
You closely miss Prince Ribbit.
Prince Ribbit hits you but does no damage.
You barely miss Prince Ribbit. Prince Ribbit closely misses you.
Prince Ribbit blinks!
Prince Ribbit catches a fly with his tongue.
Prince Ribbit completely misses you.
You slash Prince Ribbit!
Prince Ribbit is moderately wounded.
Prince Ribbit barely misses you.
You slash Prince Ribbit!
Prince Ribbit is severely wounded.
Prince Ribbit hits you.
You die...

.# #....# #.
...##.#.## #.
####.#F.##.#.# ..
#....#..##.#.# #.
#.# #..##.#.## #.
##.## #..##.....
#.###.
##.#.###..####.##
#.....###.###F##..#
#.# #....@##
##....####.#
#.####F#
#.##.......# #
#.#.# #..###### #.#
#..# #.# #^.# # .
.... ###..## #..#
#..


You could see Prince Ribbit.

Vanquished Creatures
  A hound (D:5)
  Jessica (D:2)
  Terence (D:2)
  A hound skeleton (D:5)
  An adder (D:3)
  2 dart slugs
  A bat (D:1)
  5 endoplasms (D:2)
  2 giant cockroaches
  3 goblins
  7 hobgoblins
  A kobold (D:2)
  A quokka (D:1)
  5 ball pythons
  2 frilled lizards (D:1)
  3 rats
37 creatures vanquished.

Notes
Turn   | Place    | Note
-------+----------+-------------------------------------------
     0 | D:1      | timneilson the Gargoyle Fighter began the quest for the
                  | Orb.
     0 | D:1      | Reached XP level 1. HP: 14/14 MP: 1/1
   129 | D:1      | Reached XP level 2. HP: 14/19 MP: 2/2
   385 | D:1      | Found Zael's Antique Weapon Shoppe.
   927 | D:2      | Found a faded altar of an unknown god.
   995 | D:2      | Reached XP level 3. HP: 15/23 MP: 3/3
  1376 | D:2      | Noticed Jessica
  1386 | D:2      | Killed Jessica
  1387 | D:2      | Reached XP level 4. HP: 13/28 MP: 4/4
  1594 | D:2      | Noticed Terence
  1610 | D:2      | Killed Terence
  2094 | D:3      | You fall into a shaft and drop 3 floors!
  2094 | D:6      | Noticed a wraith
  2094 | D:6      | Noticed a cyclops
  2094 | D:6      | Noticed a five-headed hydra
  2094 | D:6      | Noticed a necrophage
  2098 | D:6      | Noticed a sky beast
  2145 | D:6      | Found a staircase to the Ecumenical Temple.
  2173 | D:6      | Noticed a centaur
  2179 | D:5      | Entered Level 5 of the Dungeon
  2186 | D:5      | Reached skill level 1 in Dodging
  2186 | D:5      | Reached XP level 5. HP: 33/33 MP: 5/5
  2208 | D:5      | Noticed Prince Ribbit
  2226 | D:5      | HP: 1/33 [Prince Ribbit (12)]
  2232 | D:5      | Slain by Prince Ribbit

Illustrated notes

Levels and vault maps discovered:
D:1:      lightli_arrival_boilingwater, layout_loops_ring, serial_shops,
          shop_fountains
D:2:      minmay_evil_eye, layout_loops_ring, ebering_ecumenical_altar_hall,
          uniq_terence, uniq_jessica
D:3:      layout_rooms, grunt_temple_overflow_order_and_chaos_1,
          kennysheep_ying_yang, portal_sewer_entry_d, uniq_ijyb
D:5:      layout_loops_ring, uniq_prince_ribbit1, uniq_duvessa,
          uniq_blork_the_orc
D:6:      layout_loops_ring, minmay_temple_entry_large_hall, serial_park_tiny_2,
          minmay_manual_mail

Skill      XL: |  1  2  3  4 |
---------------+-------------+-----
Long Blades    | 2 |  2.7
Armour         | 4 |  4.4
Shields        | 4 |  4.2
Dodging        | 1 |  1.1
Fighting       | |  3.7

Action                   |  1- 3 |  4- 6 || total
-------------------------+-------+-------++-------
Melee: Long sword        |    95 |    48 ||   143
  Use: Scroll            |     2 |     4 ||     6
       Potion            |       |     2 ||     2
Armor: Scale mail        |    33 |    14 ||    47
       Skin              |       |     4 ||     4
Dodge: Dodged            |    42 |    58 ||   100
Block: Buckler           |    21 |    14 ||    35

Table legend: (Time is in decaauts)
 A = Elapsed time spent in this place.
 B = Non-inter-level travel time spent in this place.
 C = Inter-level travel time spent in this place.
 D = Time resting spent in this place.
 E = Time spent auto-exploring this place.
 F = Levels seen in this place.
 G = Mean time per level.
                   A        B        C        D        E       F      G
               +--------+--------+--------+--------+--------+-----+--------+
         Total |   2272 |   2211 |     61 |      6 |   1759 |   5 |  454.4 |
       Dungeon |   2272 |   2211 |     61 |      6 |   1759 |   5 |  454.4 |
               +--------+--------+--------+--------+--------+-----+--------+

Top non-repeatable levels by time:
     D:2: 1299 daAuts
     D:1: 815 daAuts
     D:6: 84 daAuts
     D:5: 55 daAuts
     D:3: 17 daAuts
